 Dungeon Crawl Stone Soup version 0.29.1-1-gd02db6906a (webtiles) character file.

Game seed: 4841759250218469961

40 Colgate the Shooter (level 3, -2/30 HPs)
             Began as a Formicid Hunter on Oct 3, 2022.
             Slain by Robin
             ... wielding a +8 club
              (11 damage)
             ... on level 3 of the Dungeon.
             The game lasted 00:04:05 (2059 turns).

Colgate the Shooter (Formicid Hunter)               Turns: 2059, Time: 00:04:05

Health: -2/30      AC:  3    Str: 15    XL:     3   Next: 72%
Magic:  12/12      EV: 12    Int: 10    God:
Gold:   50         SH:  0    Dex: 17    Spells: 2/2 levels left

rFire   . . .      SeeInvis +   a - +0 shortbow
rCold   . . .      Faith    .   (no shield)
rNeg    . . .      Spirit   .   c - +0 leather armour
rPois   .          Reflect  .   (helmet unavailable)
rElec   .          Harm     .   (no cloak)
rCorr   .          Rampage  .   (no gloves)
Will    .....                   (no boots)
Stlth   ++........              (no amulet)
HPRegen 0.10/turn               f - ring of magical power
MPRegen 0.13/turn               (no ring)

@: no status effects
A: permanent stasis, dig shafts and tunnels, antennae 3, four strong arms
a: Dig, Shaft Self


You were on level 3 of the Dungeon.
You visited 1 branch of the dungeon, and saw 3 of its levels.

You collected 50 gold pieces.

Inventory:

Hand Weapons
 a - a +0 shortbow (weapon)
 l - a +1 dagger of speed
Missiles
 p - 2 boomerangs of dispersal
Armour
 c - a +0 leather armour (worn)
Jewellery
 f - a ring of magical power (left hand)
Scrolls
 b - 4 scrolls of immolation
 d - a scroll of amnesia {unknown}
 e - 2 scrolls of identify {unknown}
 g - a scroll of teleportation {unknown}
 i - a scroll of enchant armour {unknown}
Potions
 h - 2 potions of ambrosia {unknown}
 j - a potion of curing {unknown}
 k - a potion of brilliance {unknown}
 m - 2 potions of degeneration {unknown}
 n - 2 potions of magic {unknown}
 o - a potion of attraction {unknown}
 q - a potion of might {unknown}


   Skills:
 + Level 3.8 Fighting
 - Level 4.0 Ranged Weapons
 - Level 1.7 Dodging
 - Level 2.1 Stealth


You had 2 spell levels left.
You didn't know any spells.
Your spell library contained the following spells:

 Spells                   Type           Power      Damage    Failure   Level
 Sandblast                Erth           0%         2d4       43%         1
 Passwall                 Tmut/Erth      0%         N/A       56%         2
 Stone Arrow              Conj/Erth      0%         3d7       80%         3
 Summon Guardian Golem    Hex/Summ       0%         N/A       80%         3
 Orb of Destruction       Conj           0%         9d5       100%        7
 Spellforged Servitor     Conj/Summ      0%         N/A       100%        7


Dungeon Overview and Level Annotations

Branches:
Dungeon (3/15)

Altars:
Uskayaw

Annotations:
D:3 Robin


Innate Abilities, Weirdness & Mutations

You cannot be hasted, slowed, berserked, paralysed or teleported.
You can dig through walls and to a lower floor.
You have a pair of large antennae on your head. (SInv)
Your four strong arms can wield two-handed weapons with a shield.


Message History

The goblin attacks as you move away! The goblin completely misses you.
The goblin attacks as you move away! The goblin hits you with a +0 club.
You shoot an arrow. The arrow hits the goblin!
You kill the goblin!
Things that are here:
a +0 club; a goblin corpse
There is a stone staircase leading down here.
You start resting.
HP restored.
You climb downwards.
Level annotation: Robin
There is a stone staircase leading up here.
You shoot an arrow. The arrow hits Robin.
You shoot an arrow. The arrow hits Robin.
Robin hits you with a +8 club.
You shoot an arrow. The arrow closely misses Robin.
Robin hits you with a +8 club.
You shoot an arrow. The arrow barely misses Robin.
Robin hits you with a +8 club!
You are too injured to fight recklessly!
You are too injured to fight recklessly!
Non-targeted abil: Dig
Okay, then.
Okay, then.
Fire: a) +0 shortbow
Aim: Robin, wielding a +8 club, wearing a +0 animal skin and wearing a +0 helmet (severely wounded, 70% to hit)
You shoot an arrow. The arrow closely misses Robin.
Robin hits you with a +8 club. x2
* * * LOW HITPOINT WARNING * * *
Fire: a) +0 shortbow
Aim: Robin, wielding a +8 club, wearing a +0 animal skin and wearing a +0 helmet (severely wounded, 70% to hit)
You shoot an arrow.
The arrow hits Robin but does no damage.
Robin points. "Kill!"
Robin roars a battlecry!
The goblin goes into a battle-frenzy!
Fire: a) +0 shortbow
Aim: Robin, wielding a +8 club, wearing a +0 animal skin and wearing a +0 helmet (heavily wounded, 70% to hit)
You shoot an arrow. The arrow hits Robin.
Robin hits you with a +8 club!
You die...

#.#.#.##.# #......# #.
#.#....#.###.#...## #.
#.#.#.........###.# #.
#.####...#......g..#
#.. ..
#..................##
#####
#######.#............#
#.......###.......###.#
#.####### #..g....# ##
##.## #.@..)..#
####...## ####.......
......#.# ########
####.#.## ##<## ###


You could see Robin and a goblin (strong).

Vanquished Creatures
  An adder (D:3)
  An orc (D:3)
  An endoplasm (D:3)
  2 giant cockroaches
  4 goblins
  4 hobgoblins
  4 quokkas
  3 ball pythons
  3 bats
  A frilled lizard (D:2)
  A kobold (D:1)
  4 rats
29 creatures vanquished.

Vanquished Creatures (others)
  2 demonic plants (D:3)
2 creatures vanquished.

Grand Total: 31 creatures vanquished

Notes
Turn   | Place    | Note
-------+----------+-------------------------------------------
     0 | D:1      | Colgate the Formicid Hunter began the quest for the Orb.
     0 | D:1      | Reached XP level 1. HP: 16/16 MP: 1/1
   551 | D:1      | Reached XP level 2. HP: 23/23 MP: 2/2
  1076 | D:2      | Found a hide-covered altar of Uskayaw.
  1718 | D:3      | Reached XP level 3. HP: 29/29 MP: 3/3
  1889 | D:3      | Noticed Robin
  2059 | D:3      | Slain by Robin

Illustrated notes

Levels and vault maps discovered:
D:1:      ebering_hopf_link, layout_loops_corners
D:2:      layout_loops_ring, basic_altar, minmay_misc_feat_nine_boxes,
          minivault_19, minmay_liquid_box
D:3:      layout_loops_ring, mainiacjoe_overflow_swirl,
          dreamdust_ecumenical_altar_sealed_demon, minmay_misc_feat_cross,
          uniq_robin, uniq_sigmund

Skill      XL: |  1  2  3 |
---------------+----------+-----
Fighting       | 3 |  3.8
Stealth        | 2 |  2.1
Ranged Weapons | |  4.0
Dodging        | |  1.7

Action                   || total
-------------------------++-------
 Fire: Shortbow          ||    89
Armor: Leather armour    ||    16
Dodge: Dodged            ||    41
